 Dungeon Crawl Stone Soup version 0.20.1-1-g8b1a95d (webtiles) character file.

16 zezblit the Grasshopper (level 2, -3/27 HPs)
             Began as a Naga Warper on Oct 25, 2017.
             Slain by an adder (4 damage)
             ... on level 1 of the Dungeon.
             The game lasted 00:07:46 (777 turns).

zezblit the Grasshopper (Naga Warper)                Turns: 777, Time: 00:07:47

Health: -3/27      AC:  2    Str: 13    XL:     2   Next: 54%
Magic:  4/5        EV:  9    Int: 13    God:
Gold:   45         SH:  0    Dex: 10    Spells: 3/5 levels left

rFire    . . .     SeeInvis +   a - +0 mace
rCold    . . .     Gourm    .   (no shield)
rNeg     . . .     Faith    .   b - +0 leather armour
rPois    +         Spirit   .   (no helmet)
rElec    .         Reflect  .   (no cloak)
rCorr    .         Harm     .   (no gloves)
MR       .....                  (no barding)
Stlth    +.........             (no amulet)
Regen    0.1/turn               (no ring)
MPRegen  0.1/turn               (no ring)

@: very slightly contaminated, invisible, very slow
A: see invisible, deformed body, poison resistance, slowness 2, slow metabolism
1, spit poison 1, AC +0
a: Spit Poison


You were on level 1 of the Dungeon.
You were not hungry.

You visited 1 branch of the dungeon, and saw 2 of its levels.

You collected 45 gold pieces.

Inventory:

Hand Weapons
 a - a +0 mace (weapon)
Missiles
 e - 2 tomahawks of dispersal (quivered)
 n - 2 throwing nets
Armour
 b - a +0 leather armour (worn)
Scrolls
 d - a scroll of blinking
 i - a scroll of remove curse {unknown}
 j - a scroll of fog {unknown}
 m - a scroll of identify {unknown}
Potions
 k - a potion of curing {unknown}
Books
 c - a book of Spatial Translocations

   Spells                             Type                      Level
   a - Blink                          Translocation                2
   b - Shroud of Golubria             Charms/Translocation         2
   c - Lesser Beckoning               Translocation                3
   d - Gell's Gravitas                Translocation                3
   e - Teleport Other                 Translocation                3
   f - Passage of Golubria            Translocation                4
Comestibles
 f - a bread ration
 l - 4 fruits


   Skills:
 + Level 2.3 Fighting
 + Level 2.0 Maces & Flails
 + Level 0.8 Throwing
 + Level 1.1 Armour
 + Level 1.5 Dodging
 + Level 2.2 Spellcasting
 + Level 3.1 Translocations


You had 3 spell levels left.
You knew the following spells:

 Your Spells              Type           Power        Failure   Level  Hunger
a - Shroud of Golubria    Chrm/Tloc      #.........   26%         2    ###....


Dungeon Overview and Level Annotations

Branches:
Dungeon (2/15)

Altars:

Annotations:
D:2 Sigmund


Innate Abilities, Weirdness & Mutations

You cannot wear boots.
Your serpentine skin is tough. (AC +0)
You have supernaturally acute eyesight. (SInv)
Armour fits poorly on your strangely shaped body.
Your system is resistant to poisons. (rPois)
You cover ground very slowly.
You have a slow metabolism.
You can spit poison.


Message History

The kobold throws a stone.
The stone completely misses you. The adder bites you.
* * * LOW HITPOINT WARNING * * *
What are your orders? t - Shout!
Orders for allies: a - Attack new target. r - Retreat! s - Stop attacking. g - Guard the area. f - Follow me.
Anything else - Cancel.
Okay, then.
It was a potion of invisibility.
You fade into invisibility!
The adder closely misses you.
The kobold throws a stone.
The stone hits you but does no damage. The adder closely misses you.
The kobold throws a stone.
The stone closely misses the adder.
The stone closely misses you.
The kobold throws a stone.
The stone hits the adder but does no damage.
The adder bites you.
You die...

..........#.#.# ..
..........#.#.###.........
..........#.#.............#
.......####...............#
..........................#
..........................#
..............###.........
...##.........###....)....
...##.......((..@S(K.#
...............##..†(#
...............##..(.#
.............#.##..(.####
.............#..........#
............##...(......#
........................#
.......................##
..............#..#.....#


You could see an adder and a kobold.

Vanquished Creatures
  A dart slug (D:1)
  A leopard gecko (D:1)
  A bat (D:1)
  A goblin (D:1)
  3 hobgoblins (D:1)
  2 kobolds (D:1)
  A frilled lizard (D:1)
  2 rats (D:1)
12 creatures vanquished.

Notes
Turn   | Place    | Note
-------+----------+-------------------------------------------
     0 | D:1      | zezblit the Naga Warper began the quest for the Orb.
     0 | D:1      | Reached XP level 1. HP: 19/19 MP: 3/3
    85 | D:1      | Reached skill level 1 in Armour
   101 | D:1      | Reached XP level 2. HP: 1/26 MP: 5/5
   510 | D:1      | Learned a level 2 spell: Shroud of Golubria
   700 | D:2      | Noticed Sigmund
   774 | D:1      | HP: 1/27 [adder (4)]
   777 | D:1      | Slain by an adder

Skill      XL: |  1 |
---------------+----+-----
Armour         | 1 |  1.1
Fighting       | |  2.3
Maces & Flails | |  2.0
Throwing       | |  0.8
Dodging        | |  1.5
Spellcasting   | |  2.2
Translocations | |  3.1

Action                   || total
-------------------------++-------
Melee: Mace              ||    16
Throw: Tomahawk          ||     3
 Abil: Spit Poison       ||    12
  Use: Potion            ||     1
Armor: Leather armour    ||     9
Dodge: Dodged            ||    16
